 Dungeon Crawl Stone Soup version 0.27.1-34-g3ba077fa99 (webtiles) character file.

Game seed: 7063462700663038426

21 zeram the Shield-Bearer (level 2, -1/18 HPs)
             Began as a Deep Elf Fighter on Jan 4, 2022.
             Slain by a kobold (3 damage)
             ... on level 1 of the Dungeon.
             The game lasted 00:01:18 (683 turns).

zeram the Shield-Bearer (Deep Elf Fighter)           Turns: 683, Time: 00:01:18

Health: -1/18      AC:  6    Str: 13    XL:     2   Next: 65%
Magic:  4/4        EV:  6    Int: 18    God:
Gold:   18         SH:  8    Dex: 14    Spells: 1/1 levels left

rFire    . . .     SeeInvis .   a - +0 rapier
rCold    . . .     Faith    .   c - +0 kite shield
rNeg     . . .     Spirit   .   b - +0 scale mail
rPois    .         Reflect  .   (no helmet)
rElec    .         Harm     .   (no cloak)
rCorr    .         Rampage  .   (no gloves)
Will     .....                  (no boots)
Stlth    ..........             (no amulet)
HPRegen  0.06/turn              e - +6 ring of intelligence
MPRegen  0.09/turn              (no ring)

@: no status effects
A: no striking features
a: no special abilities


You were on level 1 of the Dungeon.
You visited 1 branch of the dungeon, and saw 1 of its levels.

You collected 18 gold pieces.

Inventory:

Hand Weapons
 a - a +0 rapier (weapon)
Armour
 b - a +0 scale mail (worn)
 c - a +0 kite shield (worn)
Jewellery
 e - a +6 ring of intelligence (left hand)
Potions
 d - a potion of might


   Skills:
 - Level 2.4 Fighting
 - Level 2.0 Short Blades
 - Level 2.4 Armour
 + Level 0.6 Dodging
 + Level 3.2 Shields


You had one spell level left.
You didn't know any spells.
Your spell library was empty.

Dungeon Overview and Level Annotations

Branches:
Dungeon (1/15)

Altars:


Message History

You kill the quokka!
A ball python comes into view.
You block the kobold's attack.
You barely miss the kobold.
The kobold hits you with a +0 short sword.
You are too injured to fight recklessly!
You are too injured to fight recklessly!
You are too injured to fight recklessly!
You hit the kobold.
The kobold is severely wounded.
You block the kobold's attack.
The ball python bites you but does no damage.
The ball python barely misses you.
You closely miss the kobold.
The kobold is severely wounded.
The kobold hits you with a +0 short sword.
The ball python bites you but does no damage.
The ball python grabs you. The ball python constricts you.
The kobold hits you with a +0 short sword.
* * * LOW HITPOINT WARNING * * *
You escape the ball python's grasp.
The ball python bites you but does no damage.
You block the ball python's attack.
You see here a ball python corpse.
You block the ball python's attack. The ball python barely misses you.
The ball python bites you but does no damage.
You block the ball python's attack.
The ball python bites you but does no damage.
The ball python grabs you. The ball python constricts you.
You escape the ball python's grasp.
The ball python bites you.
* * * LOW HITPOINT WARNING * * *
The ball python grabs you. The ball python constricts you.
You escape the ball python's grasp.
You puncture the ball python!
You kill the ball python!
You closely miss the kobold.
The kobold is severely wounded.
The kobold hits you with a +0 short sword.
You die...

#........#....##.....#######
+........##....###...(......
#......#..##.....####.......
#......##..##.......#####.##
##########..####.......#....
##...#####....#.... #.#...#
########## #K#...#####
#@#.......# #.#.......#
#.#.......########
#.#...............
#.#...............
#.#.....#..†......
#.#.....#.........
#.#...#.#.........
#....>#.........


You could see a kobold.

Vanquished Creatures
  A dart slug (D:1)
  An endoplasm (D:1)
  A hobgoblin (D:1)
  4 jackals (D:1)
  2 kobolds (D:1)
  2 quokkas (D:1)
  4 ball pythons (D:1)
  A bat (D:1)
  2 frilled lizards (D:1)
  A rat (D:1)
19 creatures vanquished.

Notes
Turn   | Place    | Note
-------+----------+-------------------------------------------
     0 | D:1      | zeram the Deep Elf Fighter began the quest for the Orb.
     0 | D:1      | Reached XP level 1. HP: 13/13 MP: 3/3
   420 | D:1      | Reached XP level 2. HP: 18/18 MP: 4/4
   446 | D:1      | Reached skill level 3 in Shields
   683 | D:1      | Slain by a kobold

Illustrated notes

Levels and vault maps discovered:
D:1:      dpeg_arrival_circle_labyrinth_c, layout_basic, serial_shops,
          nicolae_shop_crystal, hellmonk_ecumenical_altar_watching_god,
          minmay_hexomino_f4

Skill      XL: |  1  2 |
---------------+-------+-----
Shields        | 3 |  3.2
Fighting       | |  2.4
Short Blades   | |  2.0
Armour         | |  2.4
Dodging        | |  0.6

Action                   || total
-------------------------++-------
Melee: Rapier            ||    61
Armor: Scale mail        ||    37
Dodge: Dodged            ||    23
Block: Kite shield       ||    38
